 Dungeon Crawl Stone Soup version 0.27-a0-1456-gf5a116941d (webtiles) character file.

Game seed: 7823541650745426717

142 funkygono the Gusty (level 5, -5/37 HPs)
             Began as a Gnoll Air Elementalist on July 7, 2021.
             Killed from afar by an orc wizard (7 damage)
             ... with a magic dart
             ... on level 3 of the Dungeon.
             The game lasted 00:03:23 (2278 turns).

funkygono the Gusty (Gnoll Air Elementalist)        Turns: 2278, Time: 00:03:24

Health: -5/37      AC:  2    Str:  7    XL:     5   Next: 24%
Magic:  8/12       EV: 13    Int: 15    God:
Gold:   67         SH:  0    Dex: 13    Spells: 8/14 levels left

rFire    . . .     SeeInvis .   b - +0 spear
rCold    . . .     Faith    .   (no shield)
rNeg     . . .     Spirit   .   a - +0 robe
rPois    .         Reflect  .   (no helmet)
rElec    .         Harm     .   (no cloak)
rCorr    .         Rampage  .   (no gloves)
Will     .....                  (no boots)
Stlth    +.........             (no amulet)
HPRegen  0.12/turn              h - ring of flight
MPRegen  0.13/turn              (no ring)

@: confused, flying
A: fangs 1, strong nose, distributed training
a: no special abilities


You were on level 3 of the Dungeon.
You visited 1 branch of the dungeon, and saw 3 of its levels.

You collected 67 gold pieces.

Inventory:

Hand Weapons
 b - a +0 spear (weapon)
Armour
 a - a +0 robe (worn)
 e - a +0 ring mail
Jewellery
 h - a ring of flight (left hand)
Potions
 c - a potion of berserk rage {unknown}
 g - a potion of ambrosia {unknown}
 i - a potion of invisibility {unknown}
 j - 2 potions of flight {unknown}


   Skills:
 + Level 1.4 Fighting
 + Level 1.4 Short Blades
 + Level 1.4 Long Blades
 + Level 1.4 Axes
 + Level 1.4 Maces & Flails
 + Level 1.4 Polearms
 + Level 1.4 Staves
 + Level 1.4 Slings
 + Level 1.4 Bows
 + Level 1.4 Crossbows
 + Level 1.4 Throwing
 + Level 1.4 Armour
 + Level 4.7 Dodging
 + Level 4.4 Stealth
 + Level 1.4 Shields
 + Level 1.4 Unarmed Combat
 + Level 5.2 Spellcasting
 + Level 2.3 Conjurations
 + Level 1.1 Hexes
 + Level 1.1 Summonings
 + Level 1.1 Necromancy
 + Level 1.1 Translocations
 + Level 1.1 Transmutations
 + Level 1.1 Fire Magic
 + Level 1.1 Ice Magic
 + Level 5.5 Air Magic
 + Level 1.1 Earth Magic
 + Level 1.1 Poison Magic
 + Level 1.6 Invocations
 + Level 1.4 Evocations


You had 8 spell levels left.
You knew the following spells:

 Your Spells              Type           Power      Damage    Failure   Level
a - Shock                 Conj/Air       60%        1d6       3%          1
b - Static Discharge      Conj/Air       15%        N/A       4%          2
c - Swiftness             Air            20%        N/A       4%          3

Your spell library contained the following spells:

 Spells                   Type           Power      Damage    Failure   Level
 Airstrike                Air            10%        N/A       16%         4
 Dazzling Flash           Conj/Hex       18%        N/A       24%         3
 Silence                  Hex/Air        6%         N/A       75%         5
 Agony                    Necr           7%         N/A       95%         5


Dungeon Overview and Level Annotations

Branches:
Dungeon (3/15)

Altars:


Innate Abilities, Weirdness & Mutations

You have very sharp teeth.
Your uncanny sense of smell can sniff out nearby items.
Your experience applies equally to all skills.


Message History

The orc shouts!
Something hits you.
Unknown command.
Casting: Shock (safe; 3% risk of failure)
Confirm with . or Enter, or press ? or * to list all spells.
Aiming: Shock (safe; 3% risk of failure)
Press: ? - help, Shift-Dir - straight line The zap hits the orc.
You kill the orc!
The orc throws a boomerang.
The boomerang closely misses you. Something hits you.
Unknown command.
Casting: Shock (safe; 3% risk of failure)
Confirm with . or Enter, or press ? or * to list all spells.
Aiming: Shock (safe; 3% risk of failure)
Press: ? - help, Shift-Dir - straight line The zap hits something.
The zap hits the orc.
The orc is lightly wounded.
The zap hits the orc.
The orc is almost dead.
Unknown command.
You miss something.
The orc throws a boomerang.
The boomerang completely misses you. Something completely misses you.
You miss something.
The orc throws a boomerang.
The boomerang hits you. Something hits you.
You miss something. Something hits you.
You barely miss something. The orc hits you with a +0 morningstar!
You hear some strange, mumbled words.
You are confused.
The orc barely misses you.
Things that are here:
a +0 dagger; a +0 ring mail You bump into the rock wall.
The orc hits you with a +0 morningstar!
* * * LOW HITPOINT WARNING * * *
Something hits you.
* * * LOW HITPOINT WARNING * * *
The orc throws a boomerang.
The boomerang barely misses you.
A magic dart appears from out of thin air!
The magic dart hits you!
You die...

.## ...
#.# #.#
#.# #
#?###.#
#{o..)#
♣♣)####
♣@#
........#
P♣P♣♣.♣##
♣♣ ∆ ∆


You could see an orc.

Vanquished Creatures
  Natasha (thrice) (D:2)
  2 adders (D:2)
  3 dart slugs
  2 orcs (D:3)
  4 ball pythons
  2 bats
  3 endoplasms
  A giant cockroach (D:2)
  3 goblins
  7 hobgoblins
  4 jackals (D:1)
  3 kobolds
  2 quokkas (D:2)
  4 rats
43 creatures vanquished.

Vanquished Creatures (others)
  A plant (D:3)
1 creature vanquished.

Grand Total: 44 creatures vanquished

Notes
Turn   | Place    | Note
-------+----------+-------------------------------------------
     0 | D:1      | funkygono the Gnoll Air Elementalist began the quest for
                  | the Orb.
     0 | D:1      | Reached XP level 1. HP: 13/13 MP: 6/6
   152 | D:1      | Reached XP level 2. HP: 19/19 MP: 1/7
   741 | D:1      | Reached XP level 3. HP: 25/25 MP: 5/9
   861 | D:1      | Reached skill level 5 in Spellcasting
   864 | D:1      | Learned a level 2 spell: Static Discharge
   868 | D:1      | Learned a level 3 spell: Swiftness
  1351 | D:2      | Reached skill level 1 in Invocations
  1435 | D:2      | Noticed Natasha
  1440 | D:2      | Killed Natasha
  1441 | D:2      | Reached skill level 1 in Fighting
  1441 | D:2      | Reached skill level 1 in Short Blades
  1441 | D:2      | Reached skill level 1 in Long Blades
  1441 | D:2      | Reached skill level 1 in Axes
  1441 | D:2      | Reached skill level 1 in Maces & Flails
  1441 | D:2      | Reached skill level 1 in Polearms
  1441 | D:2      | Reached skill level 1 in Staves
  1441 | D:2      | Reached skill level 1 in Slings
  1441 | D:2      | Reached skill level 1 in Bows
  1441 | D:2      | Reached skill level 1 in Crossbows
  1441 | D:2      | Reached skill level 1 in Throwing
  1441 | D:2      | Reached skill level 1 in Armour
  1441 | D:2      | Reached skill level 1 in Shields
  1441 | D:2      | Reached skill level 1 in Unarmed Combat
  1441 | D:2      | Reached skill level 1 in Evocations
  1441 | D:2      | Reached XP level 4. HP: 32/32 MP: 4/11
  1654 | D:2      | Found a faded altar of an unknown god.
  1654 | D:2      | Noticed Natasha
  1662 | D:2      | Killed Natasha
  1663 | D:2      | Reached skill level 1 in Hexes
  1663 | D:2      | Reached skill level 1 in Summonings
  1663 | D:2      | Reached skill level 1 in Necromancy
  1663 | D:2      | Reached skill level 1 in Translocations
  1663 | D:2      | Reached skill level 1 in Transmutations
  1663 | D:2      | Reached skill level 1 in Fire Magic
  1663 | D:2      | Reached skill level 1 in Ice Magic
  1663 | D:2      | Reached skill level 1 in Earth Magic
  1663 | D:2      | Reached skill level 1 in Poison Magic
  2083 | D:2      | Noticed Natasha
  2085 | D:2      | Killed Natasha
  2086 | D:2      | Reached XP level 5. HP: 37/37 MP: 9/12
  2278 | D:3      | Killed from afar by an orc wizard

Illustrated notes

Levels and vault maps discovered:
D:1:      nzn_arrival_crosshair, layout_loops_cross, minmay_misc_feat_enclosed
D:2:      layout_basic, chequers_ecumenical_altar_island, uniq_natasha
D:3:      layout_basic, serial_forest, infiniplex_forest_clump_small,
          infiniplex_forest_zigzag_1, infiniplex_forest_straight_5,
          infiniplex_forest_end_1, infiniplex_forest_clump_diagonal,
          minmay_misc_feat_secret_circle, minmay_ogre_servants, uniq_ijyb

Skill      XL: |  1  2  3  4 |
---------------+-------------+-----
Conjurations   | 2 |  2.3
Spellcasting   | 5 |  5.2
Invocations    | 1 |  1.6
Fighting       | 1 |  1.4
Short Blades   | 1 |  1.4
Long Blades    | 1 |  1.4
Axes           | 1 |  1.4
Maces & Flails | 1 |  1.4
Polearms       | 1 |  1.4
Staves         | 1 |  1.4
Slings         | 1 |  1.4
Bows           | 1 |  1.4
Crossbows      | 1 |  1.4
Throwing       | 1 |  1.4
Armour         | 1 |  1.4
Shields        | 1 |  1.4
Unarmed Combat | 1 |  1.4
Evocations     | 1 |  1.4
Hexes          | 1 |  1.1
Summonings     | 1 |  1.1
Necromancy     | 1 |  1.1
Translocations | 1 |  1.1
Transmutations | 1 |  1.1
Fire Magic     | 1 |  1.1
Ice Magic      | 1 |  1.1
Earth Magic    | 1 |  1.1
Poison Magic   | 1 |  1.1
Dodging        | |  4.7
Stealth        | |  4.4
Air Magic      | |  5.5

Action                   |  1- 3 |  4- 6 || total
-------------------------+-------+-------++-------
Melee: Spear             |    10 |    11 ||    21
       Bite              |     1 |     1 ||     2
 Cast: Shock             |    60 |    37 ||    97
       Static Discharge  |       |     1 ||     1
  Use: Scroll            |     1 |     2 ||     3
 Stab: Sleeping          |     1 |       ||     1
Armor: Robe              |     1 |     2 ||     3
Dodge: Dodged            |    12 |    14 ||    26

Table legend: (Time is in decaauts)
 A = Elapsed time spent in this place.
 B = Non-inter-level travel time spent in this place.
 C = Inter-level travel time spent in this place.
 D = Time resting spent in this place.
 E = Time spent auto-exploring this place.
 F = Levels seen in this place.
 G = Mean time per level.
                   A        B        C        D        E       F      G
               +--------+--------+--------+--------+--------+-----+--------+
         Total |   2280 |   2237 |     43 |      0 |   2015 |   3 |  760.0 |
       Dungeon |   2280 |   2237 |     43 |      0 |   2015 |   3 |  760.0 |
               +--------+--------+--------+--------+--------+-----+--------+

Top non-repeatable levels by time:
     D:2: 1165 daAuts
     D:1: 1098 daAuts
     D:3: 15 daAuts
